 Dungeon Crawl Stone Soup version 0.13-a0-2995-g9a84c3d (webtiles) character file.

289 Misa the Covered (level 4, 0/35 HPs)
             Began as a Djinni Fighter on Sept 8, 2013.
             Succumbed to a scorpion's poison
             ... on Level 4 of the Dungeon.
             The game lasted 00:07:03 (2219 turns).

Misa the Covered (Djinni Fighter)                   Turns: 2219, Time: 00:07:03

HP   0/35        AC  9     Str 17      XL: 4   Next: 94%
MP   0/0         EV  4     Int  9      God:
Gold 156         SH 27     Dex 12      Spells:  0 memorised,  3 levels left

Res.Fire  : + + +   See Invis. : .   a - +0 mace
Res.Cold  : x . .   Warding    : .   h - +0 scale mail (curse)
Life Prot.: + + +   Conserve   : .   g - +0 large shield
Res.Poison: .       Res.Corr.  : .   m - +0 wizard hat
Res.Elec. : .       Clarity    : .   o - +1 cloak
Sust.Abil.: . .     Spirit.Shd : .   (no gloves)
Res.Mut.  : .       Stasis     : .   (boots unavailable)
Res.Rott. : .       Flight     : .   (no amulet)
Saprovore : . . .                    (no ring)
                                     (no ring)

@: mildly poisoned, slightly resistant to hostile enchantments, extremely
unstealthy
A: fire immunity, cold vulnerability, life protection 3
a: no special abilities


You were on level 4 of the Dungeon.
You were not hungry.

You visited 1 branch of the dungeon, and saw 4 of its levels.

You collected 136 gold pieces.

Inventory:

Hand weapons
 a - a +0,+0 mace (weapon)
Armour
 c - a +0 shield
 g - a +0 large shield (worn)
 h - a cursed +0 scale mail (worn)
 m - a +0 wizard hat (worn)
 o - a +1 cloak (worn)
 q - a +0 plate armour
Scrolls
 b - 2 scrolls of recharging {unknown}
 e - 2 scrolls of amnesia {unknown}
 f - a scroll of magic mapping {unknown}
 j - a scroll of remove curse {unknown}
 k - 6 scrolls of identify {unknown}
 l - a scroll of curse armour {unknown}
 r - 2 scrolls of enchant weapon II {unknown}
 t - a scroll of blinking {unknown}
Jewellery
 v - an uncursed ring of wizardry {unknown}
Potions
 d - a potion of paralysis {unknown}
 i - 2 potions of curing {unknown}
 n - a potion of magic {unknown}
 p - a potion of might {unknown}
 s - a potion of slowing {unknown}
Books
 u - a book of War Chants

   Spells                             Type                      Level
   Fire Brand                         Charms/Fire                  2
   Freezing Aura                      Charms/Ice                   2
   Shroud of Golubria                 Charms/Translocation         2
   Repel Missiles                     Charms/Air                   2
   Poison Weapon                      Charms/Poison                3
   Regeneration                       Charms/Necromancy            3


   Skills:
 + Level 3.3 Fighting
 + Level 3.0 Maces & Flails
 + Level 4.3 Armour
 + Level 3.7 Shields


You had 3 spell levels left.
You didn't know any spells.

Dungeon Overview and Level Annotations

Branches:
Dungeon (4/27)
 Temple: D:4-7

Altars:
Cheibriados
Fedhas


Innate Abilities, Weirdness & Mutations

You are immune to all types of fire, even holy and hellish.
You are vulnerable to cold.
You need no food.
You have no legs.
You are immune to negative energy.


Message History

* * * LOW HITPOINT WARNING * * *
You feel sick.
You feel a little better.
You start resting.
* * * LOW HITPOINT WARNING * * *
You feel sick.
You start resting.
* * * LOW HITPOINT WARNING * * *
You feel sick.
You start resting.
* * * LOW HITPOINT WARNING * * *
You feel sick.
You start resting.
* * * LOW HITPOINT WARNING * * *
You feel sick.
You start resting.
* * * LOW HITPOINT WARNING * * *
You feel sick.
You start resting.
You die...

##.## ####...## .
....[..## #.#
#.......####
#...###...........
###...%..........
#...##.......##
#.....|.....##
....####<..#.@####
##.##.....#
#.##......#
#.##......#
#.##......#
#.##........
#.#####?###. .# .#
. .#


There were no monsters in sight!

Vanquished Creatures
  A scorpion (D:4)
  5 adders
  A gnoll (D:1)
  A worm (D:3)
  An ooze (D:2)
  5 giant cockroaches
  7 goblins
  8 hobgoblins
  2 quokkas (D:3)
  7 bats
  A giant gecko (D:3)
  3 giant newts (D:2)
  7 kobolds
  7 rats
56 creatures vanquished.

Notes
Turn   | Place    | Note
--------------------------------------------------------------
     0 | D:1      | Misa, the Djinni Fighter, began the quest for the Orb.
     0 | D:1      | Reached XP level 1. HP: 16/16 MP: 0/0
    68 | D:1      | Reached XP level 2. EP: 5/22
   729 | D:2      | Found a snail-covered altar of Cheibriados.
   741 | D:2      | Reached XP level 3. EP: 29/29
   850 | D:2      | Reached skill level 4 in Armour
  1208 | D:2      | Reached XP level 4. EP: 22/35
  1586 | D:3      | Found a blossoming altar of Fedhas.
  2214 | D:4      | HP: 1/35 [poisoned by a scorpion]
  2219 | D:4      | Succumbed to a scorpion's poison

Action                   |  1- 3 |  4- 6 || total
-------------------------+-------+-------++-------
Melee: Mace              |   138 |    85 ||   223
